 Dungeon Crawl Stone Soup version 0.28.0-47-ge53b351184 (webtiles) character file.

Game seed: 11819865275327023264

269 101zpm the Magician (level 6, -4/40 HPs)
             Began as a Djinni Fire Elementalist on May 2, 2022.
             Slain by a hound (5 damage)
             ... on level 4 of the Dungeon.
             The game lasted 00:07:02 (5813 turns).

101zpm the Magician (Djinni Fire Elementalist)      Turns: 5813, Time: 00:07:03

Health: -4/40      AC:  2    Str: 13    XL:     6   Next: 46%
Gold:   78         EV: 12    Int: 18    God:
                   SH:  0    Dex: 14

rFire   + + .      SeeInvis .   (no weapon)
rCold   x . .      Faith    .   (no shield)
rNeg    . . .      Spirit   .   a - +0 robe
rPois   ∞          Reflect  .   (no helmet)
rElec   .          Harm     .   (no cloak)
rCorr   .          Rampage  .   (no gloves)
Will    .....                   (boots unavailable)
Stlth   ++........              (no amulet)
HPRegen 0.13/turn               g - +6 ring of strength
MPRegen 0.00/turn               (no ring)

@: flying
A: sickness immunity, fire resistance 2, cold vulnerability 1, float, innate
caster, HP casting, extra vitality 1
a: no special abilities


You were on level 4 of the Dungeon.
You visited 1 branch of the dungeon, and saw 4 of its levels.

You collected 78 gold pieces.

Inventory:

Armour
 a - a +0 robe (worn)
Jewellery
 g - a +6 ring of strength (left hand)
 t - a +6 ring of intelligence
Wands
 l - a wand of digging (7)
Scrolls
 b - a scroll of fear {unknown}
 c - a scroll of enchant armour {unknown}
 e - 5 scrolls of teleportation {unknown}
 f - 2 scrolls of identify {unknown}
 i - 2 scrolls of silence {unknown}
 m - a scroll of magic mapping {unknown}
 n - 2 scrolls of holy word {unknown}
 o - a scroll of blinking {unknown}
 r - a scroll of amnesia {unknown}
 s - a scroll of fog {unknown}
Potions
 d - 2 potions of flight {unknown}
 h - a potion of degeneration {unknown}
 j - a potion of curing {unknown}
 k - a potion of cancellation {unknown}
 p - a potion of attraction {unknown}
 q - a potion of haste {unknown}


   Skills:
 + Level 0.3 Fighting
 + Level 2.3 Dodging
 + Level 2.2 Stealth
 + Level 5.0 Spellcasting


You couldn't memorise any spells.
You knew the following spells:

 Your Spells              Type           Power      Damage    Failure   Level
a - Foxfire               Conj/Fire      88%        2x1d8     1%          1
b - Scorch                Fire           44%        2d7       2%          2
c - Conjure Flame         Conj/Fire      22%        6-21      4%          3
d - Inner Flame           Hex/Fire       22%        N/A       4%          3
e - Flame Wave            Conj/Fire      22%        2d7       17%         4
f - Slow                  Hex            88%        N/A       1%          1
g - Corpse Rot            Necr/Air       44%        N/A       2%          2
Your spell library was empty.

Dungeon Overview and Level Annotations

Branches:
Dungeon (4/15)
 Temple: D:4-7

Altars:
Elyvilon
Hepliaklqana
Kikubaaqudgha
Qazlal
Wu Jian
Zin

Shops:
D:1 [   D:2 [   D:3 (   D:4 (!(


Innate Abilities, Weirdness & Mutations

You are immune to sickness and miasma.
You are immune to poison.
Your flesh is very heat resistant. (rF++)
You are vulnerable to cold. (rC-)
You float through the air rather than walking.
You learn spells naturally, not from books.
Your magical power is your life essence.
You have superior vitality. (+4 MHP)


Message History

You conjure some foxfire!
* * * LOW HITPOINT WARNING * * *
The foxfire hits the goblin!
The goblin explodes!
You are too injured to fight recklessly!
An ufetubus comes into view.
Your foxfire dissipates!
Casting: Foxfire (safe; 1% risk of failure)
Confirm with . or Enter, or press ? or * to list all spells.
Aiming: Inner Flame (dangerous; 5% risk of failure)
Press: ? - help, Dir - move target, f - ufetubus
Aim: an ufetubus (ally target, chance to affect: 84%)
The ufetubus is filled with an inner flame.
* * * LOW HITPOINT WARNING * * *
The foxfire hits the ufetubus.
The ufetubus is burned terribly!
The ufetubus explodes!
Your foxfire dissipates!
You hear a bark!
Your Spellcasting skill increases to level 5!
You are too injured to fight recklessly!
A hound comes into view.
Casting: Inner Flame (dangerous; 4% risk of failure)
Confirm with . or Enter, or press ? or * to list all spells.
Aiming: Inner Flame (dangerous; 4% risk of failure)
Press: ? - help, Dir - move target, f - hound
Aim: a hound (chance to affect: 84%)
The hound is filled with an inner flame.
* * * LOW HITPOINT WARNING * * *
You don't have enough health to cast this spell.
Casting: Foxfire (safe; 1% risk of failure)
Press: ? - help, Q - select action, (/) - cycle Dir - look around, f - activate You conjure some foxfire!
* * * LOW HITPOINT WARNING * * *
The foxfire hits the hound.
Flame seeps out of the hound.
The hound is moderately wounded.
The hound is engulfed in blazing flames.
Flame seeps out of the hound.
Your foxfire dissipates!
The hound completely misses you. The hound bites you.
You die...

#.##.#
#.##.#
#.#..######
#...........
###.........
#.########
##.##
#...###
#...@.#
#...#h#
#####.# #.#
#.#
#.######.#
#.....(.$#
###..#####
##..#####


You could see a hound (inner flame).

Vanquished Creatures
  A phantom (D:4)
  A killer bee (D:4)
  5 adders
  An ufetubus (D:4)
  A worm (D:3)
  4 dart slugs
  6 endoplasms
  3 giant cockroaches
  11 goblins
  9 hobgoblins
  9 jackals
  8 kobolds
  3 quokkas
  5 ball pythons
  6 bats
  4 frilled lizards
  6 rats
83 creatures vanquished.

Vanquished Creatures (others)
  473 foxfires
473 creatures vanquished.

Grand Total: 556 creatures vanquished

Notes
Turn   | Place    | Note
-------+----------+-------------------------------------------
     0 | D:1      | 101zpm the Djinni Fire Elementalist began the quest for the
                  | Orb.
     0 | D:1      | Reached XP level 1. HP: 15/15 MP: 0/0
     2 | D:1      | Noticed a dwarf
    21 | D:1      | Noticed a troll
    21 | D:1      | Noticed a ghoul
    23 | D:1      | Noticed a formicid
    25 | D:1      | Noticed a tengu
    25 | D:1      | Noticed an ogre
    29 | D:1      | Noticed a naga
    29 | D:1      | Noticed a demonspawn
    31 | D:1      | Noticed a vine stalker
    31 | D:1      | Noticed a spriggan
    33 | D:1      | Noticed an elf
    33 | D:1      | Noticed a gargoyle
    35 | D:1      | Noticed a demigod
    35 | D:1      | Noticed a merfolk
    37 | D:1      | Noticed an octopode
    37 | D:1      | Noticed a draconian
    39 | D:1      | Noticed a vampire
    39 | D:1      | Noticed a minotaur
    41 | D:1      | Noticed a human
    43 | D:1      | Noticed a felid
   245 | D:1      | Reached XP level 2. HP: 15/21 MP: 0/0
   335 | D:1      | Found Qiuhicha's Armour Shop.
   908 | D:1      | You are sucked into a shaft and drop 1 floor!
   910 | D:2      | Reached skill level 3 in Spellcasting
   910 | D:2      | Reached XP level 3. HP: 24/25 MP: 0/0
   910 | D:2      | Learned a level 1 spell: Slow
  1003 | D:2      | Found Orghest's Antique Armour Shoppe.
  1928 | D:2      | Reached XP level 4. HP: 26/31 MP: 0/0
  3243 | D:3      | Found Ethrirrudio's Weapon Boutique.
  3417 | D:3      | Reached XP level 5. HP: 28/35 MP: 0/0
  3417 | D:3      | Learned a level 2 spell: Corpse Rot
  3551 | D:3      | Reached skill level 4 in Spellcasting
  4273 | D:3      | Found a stormy altar of Qazlal.
  4273 | D:3      | Found a hazy altar of Hepliaklqana.
  4273 | D:3      | Found an ornate altar of the Wu Jian Council.
  4282 | D:3      | Found a glowing silver altar of Zin.
  4285 | D:3      | Found a white marble altar of Elyvilon.
  5637 | D:4      | Reached XP level 6. HP: 28/40 MP: 0/0
  5733 | D:4      | Found Gojuoj's Antique Weapon Shop.
  5735 | D:4      | Found Moes's Distillery.
  5737 | D:4      | Found Leff's Weapon Shop.
  5802 | D:4      | Reached skill level 5 in Spellcasting
  5813 | D:4      | Slain by a hound

Illustrated notes

Levels and vault maps discovered:
D:1:      kb_arrival_jail, layout_basic, serial_shops, nicolae_shop_hallway_plus
D:2:      layout_basic, serial_shops, shop
D:3:      layout_loops_cross, minmay_overflow_temple_hex, serial_shops,
          nicolae_shop_competitors_out_of_business,
          minmay_misc_feat_more_columns
D:4:      layout_loops_ring, grunt_dithmenos_smoke_and_mirrors,
          minmay_temple_entry_junction_2, nicolae_wooded_promenade, uniq_duvessa

Skill      XL: |  1  2  3  4  5  6 |
---------------+-------------------+-----
Spellcasting   | 3 4 5 |  5.0
Stealth        | 2 |  2.2
Fighting       | |  0.3
Dodging        | |  2.3

Action                   |  1- 3 |  4- 6 || total
-------------------------+-------+-------++-------
Melee: Unarmed           |    13 |       ||    13
 Cast: Foxfire           |   105 |   197 ||   302
       Scorch            |     1 |    16 ||    17
       Inner Flame       |       |     8 ||     8
Armor: Robe              |     3 |       ||     3
Dodge: Dodged            |    12 |     7 ||    19
